 Dungeon Crawl Stone Soup version 0.31-a0-233-g139696dc86 (webtiles) character file.

Game seed: 10160361074625826041

144 qw the Shooter (level 5, -1/41 HPs)
             Began as a Minotaur Hexslinger on July 8, 2023.
             Succumbed to a water moccasin's poison
             ... on level 3 of the Dungeon.
             The game lasted 00:00:28 (1339 turns).

qw the Shooter (Minotaur Hexslinger)                Turns: 1339, Time: 00:00:29

Health: -1/41      AC:  2    Str: 12    XL:     5   Next: 5%
Magic:  5/5        EV: 12    Int: 10    God:
Gold:   99         SH:  0    Dex: 15    Spells: 5/6 levels left

rFire   . . .        Y - +2 sling
rCold   . . .        (no shield)
rNeg    . . .        c - +0 robe
rPois   .            (helmet restricted)
rElec   .            (no cloak)
rCorr   .            (no gloves)
SInv    .            (no boots)
Will    .....        (no amulet)
Stlth   +            (no ring)
HPRegen 0.26/turn    (no ring)
MPRegen 0.09/turn

%: no passive effects
@: lethally poisoned (-1 -> -20)
A: horns 2, retaliatory headbutt
a: no special abilities


You were on level 3 of the Dungeon.
You visited 1 branch of the dungeon, and saw 3 of its levels.

You collected 99 gold pieces.


Innate Abilities, Weirdness & Mutations

You have a pair of horns on your head.
You reflexively headbutt those who attack you in melee.


   Skills:
 + Level 2.0 Fighting
 - Level 5.6 Ranged Weapons
 - Level 2.1 Dodging
 - Level 1.0 Spellcasting
 - Level 2.0 Hexes


You had 5 spell levels left.
You knew the following spells:

 Your Spells              Type           Power      Damage    Failure   Level
a - Slow                  Hex            16%        N/A       16%         1

Your spell library contained the following spells:

 Spells                   Type           Power      Damage    Failure   Level
 Inner Flame              Hex/Fire       2%         N/A       56%         3
 Portal Projectile        Hex/Tloc       4%         N/A       56%         3
 Cause Fear               Hex            2%         N/A       83%         4

Inventory:

Hand Weapons
 Y - a +2 sling (weapon)
Armour
 a - a +0 cloak
 c - a +0 robe (worn)
Potions
 d - a potion of curing {unknown}
 e - a potion of lignification {unknown}
 f - a potion of haste {unknown}
 h - a potion of magic {unknown}
 k - a potion of enlightenment {unknown}

Dungeon Overview and Level Annotations

Branches:
Dungeon (3/15)

Altars:

Shops:
D:2 (


Message History

A water moccasin comes into view.
The water moccasin hisses angrily.
You shoot a sling bullet.
The sling bullet hits the water moccasin.
The water moccasin is lightly wounded.
You shoot a sling bullet.
The sling bullet hits the water moccasin.
The water moccasin is moderately wounded.
You shoot a sling bullet.
The sling bullet hits the water moccasin!
The water moccasin is heavily wounded.
The water moccasin barely misses you.
You shoot a sling bullet.
The sling bullet hits the water moccasin.
The water moccasin is severely wounded.
The water moccasin bites you.
You are poisoned.
The water moccasin poisons you!
You shoot a sling bullet.
The sling bullet barely misses the water moccasin.
You feel a little less clever now.
You feel very sick. The water moccasin bites you.
You are more poisoned.
The water moccasin poisons you! The water moccasin bites you!
You are more poisoned.
The water moccasin poisons you!
You shoot a sling bullet.
The sling bullet hits the water moccasin.
The water moccasin is almost dead.
You feel extremely sick. The water moccasin closely misses you.
You furiously retaliate!
You headbutt the water moccasin.
You kill the water moccasin!
Your Ranged Weapons skill gained 2 levels and is now at level 5!
You have reached level 4!
You feel agile.
You have reached level 5!
There is a lethal amount of poison in your body!
You feel very sick.
There is a lethal amount of poison in your body!
You die...

##.#.# ..
...)##.###
....#... #
#(....#
#.+.....+
#####.#.....#
............+
####.#.....#
#.#@#......
#.#%# ####.
#.#.. #<#!#.
#.#.#.. #.#..
.. #.#.# #..
..#.. ... ...


There were no monsters in sight!

Vanquished Creatures
  A water moccasin (D:3)
  A dart slug (D:2)
  5 bats
  3 endoplasms
  2 giant cockroaches
  3 goblins
  4 hobgoblins
  3 jackals (D:2)
  5 ball pythons
  A frilled lizard (D:2)
  3 kobolds
  5 rats
36 creatures vanquished.

Notes
Turn   | Place    | Note
-------+----------+-------------------------------------------
     0 | D:1      | qw the Minotaur Hexslinger began the quest for the Orb.
     0 | D:1      | Reached XP level 1. HP: 16/16 MP: 1/1
     0 | D:1      | 0 ||| qw: Version: 0.3-a-46-gb1f654a
     0 | D:1      | 0 ||| qw: Game counter: 3595
     0 | D:1      | 0 ||| qw: Melee chars always use a shield: true
     0 | D:1      | 0 ||| qw: God list: Okawaru
     0 | D:1      | 0 ||| qw: Allow faded altars: false
     0 | D:1      | 0 ||| qw: Do Orc after clearing Dungeon:15 true
     0 | D:1      | 0 ||| qw: Do second Lair branch before Depths: true
     0 | D:1      | 0 ||| qw: Lair rune preference: random
     0 | D:1      | 0 ||| qw: Goals: Normal
     0 | D:1      | 0 ||| PLANNING D:1-11
    53 | D:1      | Found a faded altar of an unknown god.
   134 | D:1      | Reached skill level 3 in Ranged Weapons
   158 | D:1      | Reached XP level 2. HP: 23/23 MP: 2/2
   588 | D:1      | 588 ||| DROPPING scarf of shadows.
   589 | D:1      | 589 ||| READING scroll labelled GUIHEM QOUF.
   590 | D:1      | 590 ||| DROPPING scroll of poison.
   612 | D:2      | 612 ||| STAIRDANCE
   721 | D:2      | Found Weugin's Antique Weapon Boutique.
   726 | D:2      | 726 ||| SHOPLISTING orcbow (80 gold, have 27).
   760 | D:2      | Reached XP level 3. HP: 29/29 MP: 3/3
  1293 | D:2      | 1293 ||| DROPPING ring of wizardry.
  1294 | D:2      | 1294 ||| READING scroll labelled ZEECLAJUXT.
  1295 | D:2      | 1295 ||| READING scroll labelled QAICSE ZUILI.
  1296 | D:2      | 1296 ||| READING scroll labelled JEHAOWN XEWOPO.
  1299 | D:2      | 1299 ||| DRINKING 2 fuming puce potions.
  1300 | D:2      | 1300 ||| DRINKING 2 orange potions.
  1301 | D:2      | 1301 ||| DROPPING potion of brilliance.
  1302 | D:2      | 1302 ||| DROPPING potion of attraction.
  1331 | D:3      | Noticed a water moccasin
  1337 | D:3      | HP: 6/29 [poisoned by a water moccasin]
  1337 | D:3      | Killed a water moccasin
  1338 | D:3      | Reached skill level 5 in Ranged Weapons
  1338 | D:3      | Reached XP level 4. HP: 7/36 MP: 4/4
  1338 | D:3      | Reached XP level 5. HP: 8/41 MP: 5/5
  1339 | D:3      | Succumbed to a water moccasin's poison

Levels and vault maps discovered:
D:1:      heliophobic_arrival_battle_scene, layout_basic,
          hellmonk_ecumenical_altar_lost_god, st_stairs_10, feat_on_display
D:2:      layout_basic, serial_shops, shop, minmay_misc_feat_secret_circle
D:3:      layout_basic, serial_shops, shop_statue, uniq_ijyb

Skill      XL: |  1  2  3 |
---------------+----------+-----
Ranged Weapons | 3 5 |  5.6
Fighting       | 2 |  2.0
Dodging        | |  2.1
Spellcasting   | |  1.0
Hexes          | |  2.0

Action                     |  1- 3 |  4- 6 || total
---------------------------+-------+-------++-------
   Fire: Sling             |    89 |       ||    89
    Use: Scroll            |     4 |       ||     4
         Potion            |     2 |       ||     2
 Armour: Robe              |     8 |       ||     8
  Dodge: Dodged            |    20 |       ||    20

Table legend:
 A = Non-vault XP
 B = Vault XP
 C = Vault XP percentage of total XP
 D = Non-vault monster count
 E = Vault monster count
 F = Vault count percentage of total count
                 A         B        C        D         E       F
            +---------+---------+-------+---------+---------+-------
      Total |     205 |       2 |   1.0 |      35 |       1 |   2.8
            +---------+---------+-------+---------+---------+-------
        D:1 |      23 |       2 |   8.0 |      15 |       1 |   6.2
        D:2 |      35 |       0 |   0.0 |      19 |       0 |   0.0
        D:3 |     147 |       0 |   0.0 |       1 |       0 |   0.0
            +---------+---------+-------+---------+---------+-------
